Khor, neutral male gnomish Healer ----- ----- |...| ##############....| |...| ------- |I..| #-...| |.....-# # #.I..| #|<..| |...^.|# -------------# ###|I..-# #|...| |.....|### ----------- |*.........*|# # |...|# #|...| |.....| # |........%. |............#####-...|# #----- ------- ### |.........-## |...--.--...|# -----# #### # |......^..| # |...|.{.|...|# ## # ##..........| ### |...|{.{|*...# ## # ----------- # |...|.{.|...| # # #*# |...-----...| ###### # # |..........*| ----.--------# ##-*..........| |.........*.|# ------------- |...........-# #............| |.........>.| ------------- Khor the Rhizotomist Experience level: 2 Strength: 13 Dexterity: 6 Constitution: 17 Intelligence: 9 Wisdom: 18 Charisma: 16 Health: 0(31) Energy: 13(13) Def: 10 Gold: 551 Moves: 9544 Dungeon seed: iH-n641PcZi_aljY Game ID: Khor_1433700133 Your Inventory: Coins $ - 551 gold pieces Amulets H - an uncursed amulet of unchanging (being worn) Weapons j - an uncursed -3 scalpel Armor e - an uncursed +0 pair of iron shoes q - an uncursed +0 cloak of displacement y - an uncursed +0 dwarvish iron helm (being worn) z - an uncursed +0 dwarvish mithril-coat Y - an uncursed +1 pair of leather gloves (being worn) Comestibles a - 12 blessed eucalyptus leaves w - 7 uncursed food rations A - 7 uncursed apples G - an uncursed melon L - an uncursed lichen corpse Q - an uncursed eucalyptus leaf Potions O - a cursed potion of sickness Rings i - a cursed -1 ring of adornment t - an uncursed +0 ring of adornment D - an uncursed +2 ring of increase accuracy Wands c - an uncursed wand of sleep (0:4) f - an uncursed wand of sleep (0:4) o - an uncursed fireproof wand of make invisible (0:5) r - an uncursed wand of locking (0:7) B - an uncursed wand of polymorph (0:7) C - a blessed wand of fire (0:4) K - an uncursed wand of sleep (0:6) M - an uncursed wand of light (0:14) Tools b - an uncursed sack k - an uncursed skeleton key l - an uncursed leash (in use) p - an uncursed +0 pick-axe (weapon in hand) s - an uncursed stethoscope J - an uncursed magic marker (0:62) P - an uncursed bag of tricks (0:11) Contents of the sack: an uncursed scroll of create monster an uncursed scroll of earth an uncursed scroll of scare monster an uncursed spellbook of slow monster an uncursed potion of extra healing a potion of holy water an uncursed potion of water Spells known in the end: Name Level Category Fail Memory a - healing 1 healing 0% 53% b - extra healing 3 healing 55% 53% c - stone to flesh 3 healing 68% 53% Your skills at the end: Fighting Skills Weapon Skills knife [Basic] Spellcasting Skills healing spells [Basic] Final Attributes: You were devoutly aligned. You were poison resistant. You were telepathic. You had infravision. You were protected. You were a werejackal. You could not change from your current form. You are dead. Vanquished creatures: 2 giant mimics a giant beetle a leprechaun 3 shriekers a gnome lord a giant ant a little dog 2 floating eyes 2 kittens 4 dwarves 3 homunculi 2 giant bats a monkey 5 dwarf zombies 3 wererats a werejackal an iguana 5 acid blobs 8 coyotes 4 gas spores 4 hobbits 2 large kobolds 7 giant rats 3 brown molds 3 yellow molds 4 green molds 4 red molds a gnome 4 gnome zombies 10 geckos 29 jackals 9 foxen a kobold 5 goblins 2 sewer rats 7 grid bugs 4 bats 10 lichens 5 kobold zombies 8 newts 173 creatures vanquished. Voluntary challenges: You never hit with a wielded weapon. You were a pacifist. You read items or engraved 12 times, starting on turn 7. You never genocided any monsters. You never polymorphed an object. You never changed form. You cheated in Sokoban 3 times, without finishing. You used 1 wish, starting on turn 4. You did not wish for any artifacts. You never split a pudding. You wrote Elbereth's name 5 times, starting on turn 7. You never violated your personal moral code. Dungeon overview: The Dungeons of Doom: levels 1 to 7 Level 1 an altar to Athena a long staircase Level 2 stairs to The Gnomish Mines Level 3 Level 4 a general store Level 5 <- You were here many fountains Level 6 a fountain stairs to Sokoban Level 7 The Gnomish Mines: levels 3 to 5 Level 3 stairs to The Dungeons of Doom Level 4 Level 5 many shops, a temple to Hermes, a fountain Sokoban: levels 2 to 5 Level 2 Level 3 Level 4 Level 5 stairs to The Dungeons of Doom History has recorded: On T:1 you entered the Dungeons of Doom to retrieve the Amulet of Yendor! On T:4 you wished for "blessed fixed greased partly eaten figurine of an archon". On T:204 you reached level 2 of The Dungeons of Doom. On T:316 you reached level 1 of The Gnomish Mines. On T:813 you reached level 2 of The Gnomish Mines. On T:1268 you reached level 3 of The Gnomish Mines. On T:2095 you reached level 3 of The Dungeons of Doom. On T:2476 you reached level 4 of The Dungeons of Doom. On T:2546 you reached level 5 of The Dungeons of Doom. On T:4075 you reached level 6 of The Dungeons of Doom. On T:4345 you reached level 4 of Sokoban. On T:4717 you reached level 3 of Sokoban. On T:6189 you reached level 2 of Sokoban. On T:7524 you reached level 1 of Sokoban. On T:8752 you reached level 7 of The Dungeons of Doom. On T:9236 you received advice from The Oracle. On T:9236 you advanced to experience level 2. Score breakdown: Gold: 0 ( 0 points) Experience: 2 levels ( 5570 points) Exploration: 7 levels ( 13.46%) (10289 points) Discoveries: 14 items ( 4.79%) ( 6568 points) Valuables value: (no points given unless you survive) Artifact value: 0 ( 0 points) Variety of kills: 40 monsters ( 10.55%) ( 9746 points) Time penalty: 9544 turns (-2309 points) Survival: died (score multiplied by 80%) Total score: 23891 Latest messages: You stop. The velociraptor is in the way! The jackal bites! The werejackal misses. You faint from lack of food. Something bites! Something misses. (2x) Something bites! (2x) Something misses. Something bites! (2x) Something misses. Something bites! (3x) Something misses. (4x) Something bites! (3x) Something just misses! (2x) Something bites! (3x) Something misses. Something just misses! Something bites! (2x) You die... Final status: Goodbye Khor the Healer, killed by a jackal, while fainted from lack of food... You died in The Dungeons of Doom on dungeon level 5 with 23891 points, and 551 pieces of gold, after 9544 moves. You were level 2 with a maximum of 31 hit points when you died.